 Dungeon Crawl Stone Soup version 0.26.1-2-gb8aa6d0cf2 (webtiles) character file.

Game seed: 150887029213206792

1461 ubername the Firebug (level 8, -1/59 HPs)
             Began as a Hill Orc Fire Elementalist on Mar 16, 2021.
             Was an Initiate of Gozag.
             Killed from afar by Maggie (28 damage)
             ... with a bolt of fire
             ... on level 6 of the Dungeon.
             The game lasted 00:20:54 (8749 turns).

ubername the Firebug (Hill Orc Fire Elementalist)   Turns: 8749, Time: 00:20:57

Health: -1/59      AC:  6    Str: 11    XL:     8   Next: 77%
Magic:  9/14       EV: 12    Int: 23    God:    Gozag
Gold:   547        SH:  0    Dex: 11    Spells: 14/15 levels left

rFire    . . .     SeeInvis .   u - +0 war axe
rCold    . . .     Faith    .   (no shield)
rNeg     . . .     Spirit   .   a - +1 robe
rPois    +         Reflect  .   (helmet restricted)
rElec    .         Harm     .   (no cloak)
rCorr    .         Rampage  .   (no gloves)
Will     .....                  i - +0 pair of boots
Stlth    ++........             (no amulet)
HPRegen  0.19/turn              B - +6 ring of intelligence
MPRegen  0.14/turn              (no ring)

@: lethally poisoned (-1 -> -7), mesmerised
A: horns 1, yellow scales 1, poison resistance
a: Renounce Religion, Potion Petition, Call Merchant, Bribe Branch


You were on level 6 of the Dungeon.
You worshipped Gozag.
Gozag was pleased with you.
You visited 2 branches of the dungeon, and saw 7 of its levels.

You collected 671 gold pieces.
You paid 124 gold pieces to Gozag.

Inventory:

Hand Weapons
 u - a +0 war axe (weapon)
 A - a +4 quarterstaff of chaos
Missiles
 b - 163 stones
 f - 4 atropa-tipped darts
 o - 51 poisoned darts (quivered)
Armour
 a - a +1 robe (worn)
 c - a +0 leather armour
 g - a +0 scale mail
 i - a +0 pair of boots (worn)
 y - a +0 leather armour
 C - a +0 cloak
Jewellery
 d - an uncursed amulet of faith {unknown}
 B - a +6 ring of intelligence (left hand)
Wands
 q - a wand of acid (6)
 t - a wand of iceblast (30)
Scrolls
 h - 2 scrolls of teleportation
 j - 6 scrolls of identify
 k - a scroll of fog {unknown}
 l - 3 scrolls of remove curse
 v - a scroll of enchant armour
Potions
 m - 4 potions of curing
 n - a potion of flight


   Skills:
 - Level 1.4 Fighting
 + Level 2.9 Short Blades
 + Level 4.8 Axes
 - Level 0.8 Throwing
 - Level 2.3 Dodging
 - Level 2.5 Stealth
 - Level 4.1 Spellcasting
 - Level 4.4 Conjurations
 - Level 6.5 Fire Magic


You had 14 spell levels left.
You knew the following spells:

 Your Spells              Type           Power        Failure   Level
a - Foxfire               Conj/Fire      100%         1%          1

Your spell library contained the following spells:

 Spells                   Type           Power        Failure   Level
 Conjure Flame            Conj/Fire      29%          3%          3
 Inner Flame              Hex/Fire       19%          9%          3
 Sticky Flame             Conj/Fire      29%          11%         4
 Fireball                 Conj/Fire      14%          30%         5


Dungeon Overview and Level Annotations

Branches:
Dungeon (6/15)             Temple (1/1) D:5

Altars:
Ashenzari
Cheibriados
Dithmenos
Elyvilon
Fedhas
Gozag
Hepliaklqana
Kikubaaqudgha
Makhleb
Nemelex Xobeh
Okawaru
Qazlal
Ru
Sif Muna
Trog
Uskayaw
Vehumet
Wu Jian
Xom
Yredelemnul
Zin
The Shining One

Annotations:
D:6 Maggie


Innate Abilities, Weirdness & Mutations

You have a pair of small horns on your head.
You are partially covered in yellow scales. (AC +2)
Your system is resistant to poisons. (rPois)


Message History

You throw a poisoned dart. The poisoned dart hits Maggie.
Maggie looks even sicker.
Maggie is moderately wounded.
You feel sick. Maggie casts a spell at you. The bolt of fire misses you.
Throw: 52 darts (poison)
Press: ? - help, Q - select action, (/) - cycle Shift-Dir - straight line, f/p - Maggie
Aim: Maggie, wielding a +1 vorpal broad axe and wearing +0 steam dragon scales (moderately wounded, mesmerising, very poisoned, 54% to hit)
You throw a poisoned dart.
The poisoned dart closely misses Maggie.
You feel sick.
You cannot move away from Maggie!
Casting: Foxfire (safe; 1% risk of failure)
Confirm with . or Enter, or press ? or * to list all spells.
You conjure some foxfire!
You feel sick.
Maggie points at you and mumbles some strange words.
The bolt of fire hits you!!
You die...
Your body crumbles into a pile of gold.

... ...................#....
..### ############.#####.#....
h.. .............#.#....
#(.#.#)#############.#.###.#....
.....s.....# #.#...#.#....
#..#.#####(#########.#.....#....
# #....(.............#..#....
##(.#.#.###.#(...v...............
.......).....)@$@v...............
#####.#####[#(#######.#.#.#.##.#.
.........#.##### #.#.#.#....#.
###.#####.#.....# #.#.#.######.
..#.)...# #.#.#.##..... ###))...+
#.#.#.##.#### #.(...#
#.#.#.#...... ##### #.....#
#.#.#.#..#### #)..# #.###.#
#.#.#.#..#.##


You could see Maggie (mesmerising, very poisoned).

Vanquished Creatures
  A sky beast (D:5)
  A necrophage (D:6)
  4 centaurs
  2 bullfrogs (D:6)
  4 scorpions
  2 howler monkeys
  A jelly (D:6)
  6 orc wizards
  A bullfrog skeleton (D:3)
  An orc priest (D:6)
  Crazy Yiuf (D:6)
  An iguana (D:4)
  6 adders
  A howler monkey skeleton (D:5)
  A shadow imp (D:6)
  2 white imps
  An ufetubus (D:5)
  4 oozes
  An adder skeleton (D:4)
  2 adder zombies
  2 worms
  2 dart slugs (D:1)
  6 leopard geckos
  19 orcs
  3 ball pythons
  7 giant cockroaches
  14 goblins
  7 hobgoblins
  7 jackals
  7 quokkas
  6 bats
  6 frilled lizards
  9 kobolds
  A quokka skeleton (D:4)
  10 rats
149 creatures vanquished.

Vanquished Creatures (others)
  485 foxfires
485 creatures vanquished.

Grand Total: 634 creatures vanquished

Notes
Turn   | Place    | Note
-------+----------+-------------------------------------------
     0 | D:1      | ubername the Hill Orc Fire Elementalist began the quest for
                  | the Orb.
     0 | D:1      | Reached XP level 1. HP: 14/14 MP: 3/3
   170 | D:1      | Reached XP level 2. HP: 20/20 MP: 1/4
   626 | D:1      | Reached XP level 3. HP: 21/26 MP: 3/5
  1315 | D:2      | Reached skill level 4 in Fire Magic
  1887 | D:2      | Noticed a centaur
  1891 | D:2      | Killed a centaur
  1892 | D:2      | Reached XP level 4. HP: 23/34 MP: 2/7
  1892 | D:2      | Reached XP level 5. HP: 26/39 MP: 2/8
  3518 | D:3      | Gained mutation: Your system is resistant to poisons.
                  | (rPois) [potion of mutation]
  3518 | D:3      | Gained mutation: You are partially covered in yellow
                  | scales. (AC +2) [potion of mutation]
  3518 | D:3      | Gained mutation: You have a pair of small horns on your
                  | head. [potion of mutation]
  3621 | D:3      | Reached XP level 6. HP: 46/46 MP: 6/10
  3702 | D:3      | Found a stormy altar of Qazlal.
  4709 | D:4      | Reached skill level 1 in Fighting
  4709 | D:4      | Reached skill level 5 in Fire Magic
  4954 | D:4      | Reached skill level 1 in Axes
  5274 | D:4      | Reached XP level 7. HP: 32/52 MP: 4/11
  5901 | D:5      | Entered Level 5 of the Dungeon
  5956 | D:5      | Found a sacrificial altar of Ru.
  6530 | D:5      | Found a staircase to the Ecumenical Temple.
  6536 | Temple   | Entered the Ecumenical Temple
  6649 | Temple   | Became a worshipper of Gozag Ym Sagoz the Greedy
  7225 | D:5      | Reached skill level 6 in Fire Magic
  7413 | D:5      | Reached XP level 8. HP: 59/59 MP: 8/13
  7979 | D:6      | Reached skill level 1 in Short Blades
  8097 | D:6      | Found a runed translucent door.
  8098 | D:6      | Noticed Crazy Yiuf
  8112 | D:6      | Killed Crazy Yiuf
  8738 | D:6      | Noticed Maggie
  8749 | D:6      | Killed from afar by Maggie

Illustrated notes

Levels and vault maps discovered:
D:1:      amcnicky_arrival_choice, layout_basic
D:2:      minmay_spotlight, layout_basic, kennysheep_generic_room_11
D:3:      layout_loops_corners, nicolae_qazlal_general_emergency
D:4:      layout_loops_ring
D:5:      layout_layer_cave, nicolae_ru_great_annihilating_truth,
          minmay_temple_entry_fiery, minmay_misc_feat_more_columns
D:6:      layout_basic, uniq_maggie, uniq_crazy_yiuf_cottage
Temple:   kilobyte_greek_temple

Skill      XL: |  1  2  3  4  5  6  7  8 |
---------------+-------------------------+-----
Spellcasting   | 2 3 4 |  4.1
Fire Magic     | 4 5 6 |  6.5
Dodging        | 2 |  2.3
Stealth        | 2 |  2.5
Conjurations   | 2 3 4 |  4.4
Fighting       | 1 |  1.4
Axes           | 1 2 4 |  4.8
Short Blades   | 2 |  2.9
Throwing       | |  0.8

Action                   |  1- 3 |  4- 6 |  7- 9 || total
-------------------------+-------+-------+-------++-------
Melee: Dagger            |    28 |     7 |       ||    35
       War axe           |       |    34 |    21 ||    55
       Headbutt          |       |     2 |     4 ||     6
Throw: Dart              |     2 |     3 |    13 ||    18
 Cast: Foxfire           |    70 |   139 |   132 ||   341
  Use: Potion            |       |     5 |     5 ||    10
       Scroll            |       |     5 |     2 ||     7
Armor: Robe              |    15 |    14 |     9 ||    38
Dodge: Dodged            |    45 |    56 |    20 ||   121
